 Dungeon Crawl Stone Soup version 0.25.0-10-g039870e (webtiles) character file.

Game seed: 4887757889258288491

83 shmeve the Skirmisher (level 4, -3/40 HPs)
             Began as a Minotaur Berserker on June 22, 2020.
             Was a Believer of Trog.
             Killed from afar by Sigmund (7 damage)
             ... with a magic dart
             ... on level 3 of the Dungeon.
             The game lasted 00:02:49 (1903 turns).

shmeve the Skirmisher (Minotaur Berserker)          Turns: 1903, Time: 00:02:49

Health: -3/40      AC:  3    Str: 22    XL:     4   Next: 22%
Magic:  3/3        EV: 12    Int:  5    God:    Trog [**....]
Gold:   98         SH:  0    Dex:  9    Spells: 3/3 levels left

rFire    . . .     SeeInvis .   a - +0 hand axe
rCold    . . .     Gourm    .   (no shield)
rNeg     . . .     Faith    .   b - +0 animal skin
rPois    .         Spirit   .   (helmet restricted)
rElec    .         Reflect  .   r - +0 cloak
rCorr    .         Harm     .   (no gloves)
MR       .....                  (no boots)
Stlth    +.........             (no amulet)
HPRegen  0.13/turn              (no ring)
MPRegen  0.08/turn              (no ring)

@: berserk cooldown
A: retaliatory headbutt, horns 2
a: Berserk, Trog's Hand, Renounce Religion


You were on level 3 of the Dungeon.
You worshipped Trog.
Trog was pleased with you.
You were very hungry.

You visited 1 branch of the dungeon, and saw 3 of its levels.

You collected 98 gold pieces.

Inventory:

Hand Weapons
 a - a +0 hand axe (weapon)
Armour
 b - a +0 animal skin (worn)
 k - a +0 kite shield
 r - a +0 cloak (worn)
Jewellery
 o - a cursed -4 ring of protection {unknown}
 p - an uncursed ring of see invisible {unknown}
Scrolls
 d - a scroll of teleportation {unknown}
 e - a scroll of magic mapping {unknown}
 f - a scroll of remove curse {unknown}
 h - 2 scrolls of identify {unknown}
 j - a scroll of amnesia {unknown}
 l - a scroll of fear {unknown}
 s - a scroll of immolation {unknown}
 t - a scroll of enchant weapon {unknown}
Potions
 g - 2 potions of brilliance {unknown}
 i - 3 potions of curing {unknown}
 m - a potion of lignification {unknown}
 n - a potion of resistance {unknown}
 q - a potion of cancellation {unknown}
Comestibles
 c - 9 rations
 u - 9 chunks of flesh


   Skills:
 - Level 4.1 Fighting
 - Level 4.1 Axes
 - Level 0.5 Throwing
 - Level 2.8 Armour
 - Level 2.4 Dodging
 + Level 3.2 Shields


You had 3 spell levels left.
You didn't know any spells.
Your spell library was empty.

Dungeon Overview and Level Annotations

Branches:
Dungeon (3/15)

Altars:

Annotations:
D:3 Sigmund


Innate Abilities, Weirdness & Mutations

You reflexively headbutt those who attack you in melee.
You have a pair of horns on your head.


Message History

Deactivating autopickup; reactivate with Ctrl-A.
The goblin closely misses you. The goblin closely misses you.
You furiously retaliate!
You headbutt the goblin, but do no damage.
The goblin hits you. Something hits you! The goblin misses you.
You furiously retaliate!
You headbutt the goblin.
You kill the goblin!
Trog accepts your kill.
A magic dart appears from out of thin air!
The magic dart hits you!
* * * LOW HITPOINT WARNING * * *
A magic dart appears from out of thin air!
The magic dart hits you!
* * * LOW HITPOINT WARNING * * *
There is a stone staircase leading up, spattered with blood here.
You feel yourself speed up.
A magic dart appears from out of thin air!
The magic dart hits you!
You die...

##.# #......# #...... #..#
#......# #...... #.##
#......# #...... #.# #......#
###.##. #.# #....(.#####....
#.# #......##...)÷.. #(#
##......##.......
####.#####<......##...÷###
######......##@...........÷.#
#...##..(...##.#.#####...##.#
#...##....<.##...#......###.#
#....#........{.>.....#.# #.#
#...........##..##.#....# #.#
###.##(.....#...##...#### #.#
#.##...........##### #.#
#.##......#..#.#### ###
#..#......#..#....###


There were no monsters in sight!

Vanquished Creatures
  2 adders (D:2)
  3 worms
  3 dart slugs
  An orc (D:3)
  4 goblins
  6 hobgoblins
  2 jackals (D:3)
  7 kobolds
  A quokka (D:3)
  2 ball pythons
  6 bats
  6 frilled lizards
  8 rats
51 creatures vanquished.

Notes
Turn   | Place    | Note
-------+----------+-------------------------------------------
     0 | D:1      | shmeve the Minotaur Berserker began the quest for the Orb.
     0 | D:1      | Reached XP level 1. HP: 19/19 MP: 0/0
    10 | D:1      | Noticed a minotaur skeleton
    16 | D:1      | Noticed a minotaur skeleton
    18 | D:1      | Noticed a minotaur skeleton
    20 | D:1      | Noticed a minotaur skeleton
   224 | D:1      | Reached XP level 2. HP: 27/27 MP: 1/1
   912 | D:2      | Reached XP level 3. HP: 31/33 MP: 2/2
  1031 | D:2      | Reached skill level 1 in Shields
  1219 | D:2      | Reached ** piety under Trog
  1709 | D:3      | Reached XP level 4. HP: 40/40 MP: 3/3
  1883 | D:3      | Noticed Sigmund
  1903 | D:3      | Killed from afar by Sigmund

Illustrated notes

Levels and vault maps discovered:
D:1:      shiori_arrival_whats_in_store_for_you, layout_loops_ring
D:2:      layout_rooms, chequers_serial_rivers_marsh
D:3:      layout_rooms, nicolae_tso_swordbearing_angel, old_standard_altar,
          first_ration, uniq_jessica, uniq_sigmund

Skill      XL: |  1  2  3  4 |
---------------+-------------+-----
Axes           | 4 |  4.1
Fighting       | 4 |  4.1
Shields        | 2 3 |  3.2
Throwing       | |  0.5
Armour         | |  2.8
Dodging        | |  2.4

Action                   |  1- 3 |  4- 6 || total
-------------------------+-------+-------++-------
Melee: Hand axe          |    85 |    12 ||    97
       Headbutt          |    16 |     3 ||    19
Invok: Berserk           |     1 |     1 ||     2
       Trog's Hand       |       |     1 ||     1
 Stab: Sleeping          |     2 |       ||     2
  Eat: Chunk             |     2 |     2 ||     4
Armor: Animal skin       |    18 |     2 ||    20
Dodge: Dodged            |    55 |    12 ||    67
